 Dungeon Crawl Stone Soup version 0.32-a0-540-g866d13106e (console) character file.

Game seed: 16156604705189092739

94 zenocrate the Chopper (level 4, -2/41 HPs)
             Began as a Minotaur Fighter on Feb 28, 2024.
             Killed by divine providence
             ... invoked by an orc priest
              (15 damage)
             ... on level 6 of the Dungeon.
             The game lasted 00:03:28 (2371 turns).

zenocrate the Chopper (Minotaur Fighter)            Turns: 2371, Time: 00:03:29

Health: -2/41      AC: 13    Str: 23    XL:     4   Next: 38%
Magic:  3/3        EV:  6    Int:  5    God:
Gold:   19         SH:  4    Dex:  9    Spells: 3/3 levels left

rFire   . . .        a - +0 war axe
rCold   . . .        c - +0 buckler
rNeg    . . .        j - +0 plate armour
rPois   .            e - +2 hat
rElec   .            (no cloak)
rCorr   .            (no gloves)
SInv    .            (no boots)
Will    .....        (no amulet) Stlth
                     (no ring)
HPRegen 0.26/turn    (no ring)
MPRegen 0.08/turn

%: no passive effects
@: mighty
A: horns 2, retaliatory headbutt
a: Convert to Beogh


You were on level 6 of the Dungeon.
You visited 1 branch of the dungeon, and saw 4 of its levels.

You collected 97 gold pieces.
You spent 78 gold pieces at shops.

Inventory:

Hand Weapons
 a - a +0 war axe (weapon)
Missiles
 b - 2 boomerangs (quivered)
Armour
 c - a +0 buckler (worn)
 e - a +2 hat (worn)
 j - a +0 plate armour (worn)
Scrolls
 f - 2 scrolls of teleportation
 h - a scroll of summoning
Potions
 g - a potion of attraction
 l - a potion of enlightenment
 m - a potion of mutation {unknown}
 o - a potion of resistance {unknown}


   Skills:
 + Level 4.4 Fighting
 + Level 5.1 Axes
 - Level 3.6 Armour
 - Level 3.6 Shields


You had 3 spell levels left.
You didn't know any spells.
Your spell library was empty.

Dungeon Overview and Level Annotations

Branches:
Dungeon (3/15)             Temple (0/1) D:6

Altars:
Xom

Shops:
D:2 *   D:3 =


Innate Abilities, Weirdness & Mutations

You have a pair of horns on your head.
You reflexively headbutt those who attack you in melee.


Message History

The gnoll hits you but does no damage.
The orc priest looks satisfied for a moment.
You closely miss the gnoll. The gnoll barely misses you.
The gnoll hits you with a +0 halberd.
The gnoll hits you from afar with a +0 spear.
Unknown command.
You feel very mighty all of a sudden. The gnoll hits you with a +0 halberd.
You block the gnoll's attack.
The orc priest shouts, "The Pantheon deserves no one's loyalty.
Let us show you the true path!" (press Y on the ability menu to convert to Beogh)
You closely miss the gnoll. The gnoll hits you but does no damage.
The orc priest calls down the wrath of Beogh upon you.
Beogh smites you!
The gnoll hits you from afar with a +0 spear.
* * * LOW HITPOINT WARNING * * *
You are too injured to fight recklessly!
Unknown command.
You feel better.
The gnoll hits you but does no damage. x2
Unknown command.
You feel better. The gnoll closely misses you. You block the gnoll's attack.
Unknown command.
You slash the gnoll! You headbutt the gnoll.
You kill the gnoll!
The gnoll barely misses you.
Your Axes skill increases to level 5!
Unknown command.
The orc priest miscasts a cantrip.
The gnoll hits you with a +0 spear.
You see here a +0 halberd.
Unknown command.
The orc priest shouts, "Surrender to Beogh and we'll let you live!"
You slash the gnoll!
You kill the gnoll!
The orc priest mumbles some strange prayers to Beogh against you.
Beogh smites you! The gnoll closely misses you.
The orc warrior hits you but does no damage.
Unknown command.
You completely miss the gnoll.
The orc priest calls down the wrath of Beogh upon you.
Beogh smites you!
You die...

#### #..#
#####..#
#......#
#.# #.#
#@# #g#
#oo......
.o....#.⌠
#....#go..
#..#$. ⌠.>
##...#( ..
##....# ⌠
..#..


You could see an orc warrior, 2 orc priests and a gnoll.

Vanquished Creatures
  2 gnolls (D:6)
  An adder (D:3)
  5 bats
  12 endoplasms
  3 giant cockroaches
  5 goblins
  7 hobgoblins
  3 jackals (D:2)
  7 kobolds
  4 quokkas
  2 ball pythons (D:2)
  4 frilled lizards
  2 rats (D:1)
57 creatures vanquished.

Notes
Turn   | Place    | Note
-------+----------+-------------------------------------------
     0 | D:1      | zenocrate the Minotaur Fighter began the quest for the Orb.
     0 | D:1      | Reached XP level 1. HP: 19/19 MP: 0/0
   108 | D:1      | Reached skill level 3 in Axes
   111 | D:1      | Reached XP level 2. HP: 23/26 MP: 1/1
   244 | D:1      | Reached skill level 4 in Axes
   463 | D:1      | Reached XP level 3. HP: 31/31 MP: 2/2
  1170 | D:2      | Found a shimmering altar of Xom.
  1629 | D:2      | Found Ajyqucw's Assorted Antiques.
  1697 | D:2      | Bought a bubbling blue potion for 25 gold pieces
  1697 | D:2      | Bought a scroll labelled QUOT HATUR for 28 gold pieces
  1697 | D:2      | Bought a smoky yellow potion for 25 gold pieces
  2266 | D:3      | Reached XP level 4. HP: 35/40 MP: 3/3
  2295 | D:3      | Found Becituff's Jewellery Boutique.
  2355 | D:3      | You fall into a shaft and drop 3 floors!
  2358 | D:6      | Found a staircase to the Ecumenical Temple.
  2358 | D:6      | Noticed an orc warrior
  2369 | D:6      | Reached skill level 5 in Axes
  2371 | D:6      | Killed from afar by an orc priest

Illustrated notes

Levels and vault maps discovered:
D:1:      psy_arrival_whirlpool, layout_basic
D:2:      layout_basic, serial_shops, shop, basic_altar, serial_bayou_lagoon_b
D:3:      layout_loops_ring, cheibrodos_sewer_entry_drain, serial_shops,
          nicolae_shop_tiny_glass
D:6:      layout_loops_ring, lemuel_coloured_pillars_altar,
          minmay_temple_entry_sparse_star

Skill      XL: |  1  2  3  4 |
---------------+-------------+-----
Axes           | 3 4 5 |  5.1
Fighting       | 4 |  4.4
Armour         | |  3.6
Shields        | |  3.6

Action                     |  1- 3 |  4- 6 || total
---------------------------+-------+-------++-------
  Melee: War axe           |   117 |     5 ||   122
         Headbutt          |    12 |     1 ||    13
    Use: Scroll            |     9 |       ||     9
         Potion            |       |     3 ||     3
 Armour: Scale mail        |    26 |       ||    26
         Plate armour      |    69 |    10 ||    79
  Dodge: Dodged            |    37 |     6 ||    43
  Block: Buckler           |    25 |     2 ||    27

Table legend: (Time is in decaauts)
 A = Elapsed time spent in this place.
 B = Non-inter-level travel time spent in this place.
 C = Inter-level travel time spent in this place.
 D = Time resting spent in this place.
 E = Time spent auto-exploring this place.
 F = Levels seen in this place.
 G = Mean time per level.
                   A        B        C        D        E       F      G
               +--------+--------+--------+--------+--------+-----+--------+
         Total |   2428 |   2236 |    192 |    100 |   1739 |   4 |  607.0 |
       Dungeon |   2428 |   2236 |    192 |    100 |   1739 |   4 |  607.0 |
               +--------+--------+--------+--------+--------+-----+--------+

Top non-repeatable levels by time:
     D:1: 1105 daAuts
     D:2: 1086 daAuts
     D:3: 220 daAuts
     D:6: 17 daAuts
